Match 42088635
Unlisted

Match 42088635
End
Selects Australian Defense Battlegroup
Selects Australian Light Infantry Section
Australian Light Infantry Section
Australian Light Infantry Section
Australian Light Infantry Section
Construct Section Command Post
Construct Platoon Command Post
Construct Field Infirmary
Selects CMP 15cwt Supply Run
CMP 15cwt Supply Run
Unlock M3 Stuart Light Tanks
M3 Stuart Light Tank
M3 Stuart Light Tank
Light Vehicle Training
Selects Artillery Trip Wire Flares
Selects 2-pounder Anti-tank Gun Team
Jaap Aap
Tanith's Finest
Denis
barnabouyt
0
0

Comments sign in to comment!

No comments posted yet!